 Seeded DCSS version 0.30-b1-5-g8e6c1be481 (webtiles) character file.

Game seed: 1 (custom seed)

107 Kazon the Shield-Bearer (level 5, -3/41 HPs)
             Began as a Human Fighter on May 3, 2023.
             Slain by a gnoll
             ... wielding a +0 flail
              (11 damage)
             ... on level 3 of the Dungeon.
             The game lasted 00:10:16 (1854 turns).

Kazon the Shield-Bearer (Human Fighter)             Turns: 1854, Time: 00:10:17

Health: -3/41      AC:  4    Str: 19    XL:     5   Next: 11%
Magic:  5/5        EV: 10    Int: 10    God:
Gold:   39         SH:  5    Dex: 13    Spells: 4/4 levels left

rFire   . . .        e - +2 dagger (venom)
rCold   . . .        c - +0 buckler
rNeg    . . .        v - +1 leather armour of Unyg {Str+3}
rPois   .            (no helmet)
rElec   .            (no cloak)
rCorr   .            (no gloves)
SInv    .            (no boots)
Will    .....        (no amulet)
Stlth   +            p - ring of wizardry
HPRegen 0.26/turn    (no ring)
MPRegen 0.09/turn

%: wizardry (x1)
@: no status effects
A: no striking features
a: no special abilities


You were on level 3 of the Dungeon.
You visited 1 branch of the dungeon, and saw 3 of its levels.

You collected 158 gold pieces.
You spent 119 gold pieces at shops.

Inventory:

Hand Weapons
 a - a +0 war axe
 e - a +2 dagger of venom (weapon)
 h - a +4 spear
 w - a +0 sling
Armour
 c - a +0 buckler (worn)
 v - the +1 leather armour of Unyg (worn) {Str+3}
   (You bought it in a shop on level 3 of the Dungeon)

   Str:       It affects your strength (+3).
Jewellery
 p - a ring of wizardry (left hand)
Scrolls
 f - a scroll of silence {unknown}
 g - a scroll of magic mapping {unknown}
 i - a scroll of vulnerability {unknown}
 m - a scroll of identify
 n - a scroll of poison {unknown}
 o - a scroll of blinking {unknown}
 r - a scroll of fear {unknown}
 u - a scroll of immolation {unknown}
Potions
 d - a potion of might
 j - 2 potions of heal wounds
 k - a potion of ambrosia
 q - 2 potions of haste
 s - a potion of mutation {unknown}
 t - 2 potions of curing {unknown}


   Skills:
 + Level 3.4 Fighting
 + Level 1.1 Short Blades
 + Level 2.1(2.3) Axes
 + Level 1.3(2.0) Polearms
 + Level 1.2 Ranged Weapons
 + Level 0.1 Throwing
 + Level 3.5 Armour
 + Level 0.1 Dodging
 + Level 3.6 Shields


You had 4 spell levels left.
You didn't know any spells.
Your spell library contained the following spells:

 Spells                   Type           Power      Damage    Failure   Level
 Slow                     Hex            0%         N/A       22%         1
 Confusing Touch          Hex            0%         N/A       52%         3
 Dazzling Flash           Conj/Hex       0%         N/A       52%         3
 Vampiric Draining        Necr           0%         2d6       52%         3
 Volatile Blastmotes      Fire/Tloc      0%         2d10      52%         3
 Iskenderun's Mystic Bla  Conj/Tloc      0%         2d3       89%         4
 Starburst                Conj/Fire      0%         6d3       100%        6


Dungeon Overview and Level Annotations

Branches:
Dungeon (3/15)

Altars:

Shops:
D:3 [


Message History

The gnoll hits you with a +0 whip!
You hit the gnoll.
The gnoll looks as sick as possible!
The gnoll is heavily wounded.
The gnoll looks more healthy.
The gnoll closely misses you. The gnoll hits you with a +0 flail.
* * * LOW HITPOINT WARNING * * *
You block the gnoll's attack. The rat bites you but does no damage.
You hit the gnoll.
You kill the gnoll!
The gnoll closely misses you. The gnoll hits you with a +0 whip.
* * * LOW HITPOINT WARNING * * *
The rat bites you.
* * * LOW HITPOINT WARNING * * *
Your Ranged Weapons skill increases to level 1!
You have reached level 5!
You barely miss the gnoll. The gnoll hits you with a +0 flail.
* * * LOW HITPOINT WARNING * * *
The gnoll barely misses you. The rat bites you but does no damage.
You hit the gnoll.
The gnoll looks as sick as possible!
The gnoll is almost dead.
You kill the gnoll!
The gnoll barely misses you. You block the rat's attack.
Your Short Blades skill increases to level 1!
Unknown command.
You hit the gnoll.
The gnoll is poisoned.
The gnoll is lightly wounded.
You hit the gnoll.
The gnoll is heavily wounded.
The gnoll barely misses you. The rat bites you but does no damage.
You hit the rat but do no damage.
The rat is poisoned.
The gnoll hits you but does no damage. You block the rat's attack.
You hit the rat.
You kill the rat!
The gnoll barely misses you. The gnoll completely misses you.
You barely miss the gnoll.
The gnoll is severely wounded.
You hit the gnoll.
The gnoll is severely wounded.
The gnoll hits you with a +0 flail!
You die...

.....#...†.[.#### #.#
#...... #.............#
#.# #......
###.<.........####..#
#......
).....#.#######......##
#.....< #######.#
#######....# ######.
#.# .......)...# #) ..#
)##....(..## #.
##...#.........### #. .
#....)@........ ## #
#....g)....####
#.....((....#
#...(.........
#..........####
##.....>..## ..........
...........#


You could see a gnoll (very poisoned).

Vanquished Creatures
  2 gnolls (D:3)
  3 adders (D:2)
  2 dart slugs
  An orc (D:3)
  5 bats
  3 endoplasms (D:1)
  3 giant cockroaches
  6 goblins
  7 hobgoblins
  3 quokkas
  7 ball pythons
  2 frilled lizards (D:1)
  4 kobolds
  7 rats
55 creatures vanquished.

Vanquished Creatures (others)
  11 plants (D:3)
11 creatures vanquished.

Grand Total: 66 creatures vanquished

Notes
Turn   | Place    | Note
-------+----------+-------------------------------------------
     0 | D:1      | Kazon the Human Fighter began the quest for the Orb.
     0 | D:1      | Reached XP level 1. HP: 18/18 MP: 1/1
   146 | D:1      | Found a faded altar of an unknown god.
   314 | D:1      | Reached XP level 2. HP: 22/24 MP: 2/2
   524 | D:1      | Reached XP level 3. HP: 29/29 MP: 3/3
   963 | D:2      | Reached skill level 1 in Polearms
   963 | D:2      | Reached XP level 4. HP: 15/35 MP: 4/4
  1718 | D:3      | Found Pazuischa's Antique Armour Shoppe.
  1730 | D:3      | Bought a dazzling leather armour for 119 gold pieces
  1730 | D:3      | Identified the +1 leather armour of Unyg {Str+3} (You
                  | bought it in a shop on level 3 of the Dungeon)
  1847 | D:3      | Reached skill level 1 in Ranged Weapons
  1847 | D:3      | Reached XP level 5. HP: 8/41 MP: 5/5
  1849 | D:3      | Reached skill level 1 in Short Blades
  1854 | D:3      | Slain by a gnoll

Illustrated notes

Levels and vault maps discovered:
D:1:      dpeg_arrival_snail, layout_loops_ring, nicolae_ecumenical_lake_church,
          amethyst_killhole
D:2:      layout_rooms, st_stairs_9
D:3:      layout_rooms, serial_shops, shop, serial_bayou_pond_c,
          kennysheep_generic_room_14

Skill      XL: |  1  2  3  4  5 |
---------------+----------------+-----
Polearms       | 1 |  1.3
Ranged Weapons | 1 |  1.2
Short Blades   | 1 |  1.1
Fighting       | |  3.4
Axes           | |  2.1
Throwing       | |  0.1
Armour         | |  3.5
Dodging        | |  0.1
Shields        | |  3.6

Action                     |  1- 3 |  4- 6 || total
---------------------------+-------+-------++-------
  Melee: War axe           |    15 |       ||    15
         Spear             |    25 |    16 ||    41
         Dagger            |    32 |    51 ||    83
   Fire: Sling             |     5 |    15 ||    20
  Throw: Stone             |    13 |     5 ||    18
         Dart              |       |     8 ||     8
    Use: Scroll            |       |     4 ||     4
 Armour: Scale mail        |    30 |    16 ||    46
         Leather armour    |       |     5 ||     5
  Dodge: Dodged            |    21 |    18 ||    39
  Block: Buckler           |    20 |    13 ||    33
